 Dungeon Crawl Stone Soup version 0.27-a0-660-g90476cec82 (webtiles) character file.

Game seed: 2398485832509087452

637 robertstho the Chopper (level 7, 0/61 HPs)
             Began as a Minotaur Berserker on Mar 16, 2021.
             Was a Priest of Trog.
             Slain by a kobold brigand
             ... wielding a +0 short sword
              (6 damage)
             ... in a sewer.
             The game lasted 00:05:08 (4219 turns).

robertstho the Chopper (Minotaur Berserker)         Turns: 4219, Time: 00:05:10

Health: 0/61       AC:  4    Str: 22    XL:     7   Next: 25%
Magic:  6/6        EV: 12    Int:  5    God:    Trog [***...]
Gold:   206        SH:  0    Dex: 10    Spells: 6/6 levels left

rFire    . . .     SeeInvis +   a - +0 hand axe
rCold    + . .     Faith    .   (no shield)
rNeg     . . .     Spirit   .   n - +0 troll leather armour {Purgy}
rPois    .         Reflect  .   (helmet restricted)
rElec    .         Harm     .   (no cloak)
rCorr    .         Rampage  .   (no gloves)
Will     ++...                  (no boots)
Stlth    +.........             (no amulet)
HPRegen  2.20/turn              k - ring of protection from cold
MPRegen  0.10/turn              l - ring of see invisible

@: lethally poisoned (0 -> 0), regenerating, slowed, very slow
A: horns 2, retaliatory headbutt
a: Renounce Religion, Berserk, Trog's Hand


You were in a sewer.
You worshipped Trog.
Trog was most pleased with you.
You visited 1 branch of the dungeon, and saw 5 of its levels.
You also visited: Sewer.

You collected 206 gold pieces.

Inventory:

Hand Weapons
 a - a +0 hand axe (weapon)
Armour
 f - a +0 ring mail
 h - a +0 scale mail
 n - a +0 troll leather armour (worn) {Purgy}
Jewellery
 k - a ring of protection from cold (right hand)
 l - a ring of see invisible (left hand)
Wands
 o - a wand of mindburst (15)
Scrolls
 b - 5 scrolls of teleportation
 e - a scroll of blinking
 g - a scroll of identify
 i - 2 scrolls of magic mapping
 m - 2 scrolls of fear
Potions
 c - 3 potions of lignification
 d - a potion of flight
 j - a potion of ambrosia {unknown}
 p - a potion of curing


   Skills:
 + Level 5.5 Fighting
 + Level 7.0 Axes
 + Level 5.2 Armour
 + Level 3.7 Dodging
 + Level 0.7 Stealth


You had 6 spell levels left.
You didn't know any spells.
Your spell library was empty.

Dungeon Overview and Level Annotations

Branches:
Dungeon (5/15)             Temple (0/1) D:4           Sewer (1/1)

Altars:

Annotations:
D:4 2 transporters, sahdkjhfkaj's ghost, novice DEAK


Innate Abilities, Weirdness & Mutations

You have a pair of horns on your head.
You reflexively headbutt those who attack you in melee.


Message History

You barely miss the kobold brigand.
The kobold brigand is moderately wounded.
You feel sick.
The kobold brigand completely misses you.
The kobold brigand splashes around in the water.
You slash the kobold brigand!
Your headbutt misses the kobold brigand.
The kobold brigand is heavily wounded.
You feel sick. The kobold brigand closely misses you.
You barely miss the kobold brigand.
Your headbutt misses the kobold brigand.
The kobold brigand is heavily wounded.
You feel sick. The kobold brigand closely misses you.
You barely miss the kobold brigand. You headbutt the kobold brigand.
The kobold brigand is heavily wounded.
You feel sick.
The kobold brigand hits you with a +0 short sword.
* * * LOW HITPOINT WARNING * * *
The kobold brigand splashes around in the water.
You closely miss the kobold brigand. You headbutt the kobold brigand.
The kobold brigand is severely wounded.
You feel sick.
The kobold brigand hits you with a +0 short sword.
* * * LOW HITPOINT WARNING * * *
You closely miss the kobold brigand.
The kobold brigand is severely wounded.
You feel sick. The kobold brigand barely misses you.
The kobold brigand splashes around in the water.
Your unstable footing causes you to fumble your attack.
You feel sick.
The kobold brigand hits you with a +0 short sword.
* * * LOW HITPOINT WARNING * * *
Your skin crawls.
You feel strong-willed.
You can no longer call in reinforcements.
You feel sick.
The kobold brigand hits you with a +0 short sword.
* * * LOW HITPOINT WARNING * * *
The kobold brigand hits you with a +0 short sword.
You die...

#########
#.#.#.#.#
#≈#≈#≈#≈#
#≈#≈#≈#K#
#≈#≈#≈#@#
#.)≈#≈≈≈#
##≈###.##
#≈# #≈#
#≈###≈#
#≈≈≈≈≈#
##.≈≈##
#.≈≈#
#.≈.#


You could see a kobold brigand.

Vanquished Creatures
  Purgy (D:3)
  An ogre (D:5)
  A scorpion (D:5)
  A centaur skeleton (D:5)
  2 orc wizards
  3 worker ants
  Robin (D:2)
  3 gnolls (D:2)
  9 adders
  A river rat (D:5)
  An ooze (Sewer)
  4 worms
  2 dart slugs (D:1)
  A leopard gecko (D:3)
  10 orcs
  5 ball pythons
  5 giant cockroaches
  13 goblins
  7 hobgoblins
  4 jackals (D:5)
  9 kobolds
  A quokka (D:2)
  5 bats
  5 frilled lizards
  17 rats
112 creatures vanquished.

Notes
Turn   | Place    | Note
-------+----------+-------------------------------------------
     0 | D:1      | robertstho the Minotaur Berserker began the quest for the
                  | Orb.
     0 | D:1      | Reached XP level 1. HP: 19/19 MP: 0/0
    87 | D:1      | Reached skill level 4 in Axes
    87 | D:1      | Reached XP level 2. HP: 27/27 MP: 1/1
   788 | D:2      | Reached XP level 3. HP: 29/34 MP: 2/2
   797 | D:2      | Reached ** piety under Trog
  1080 | D:2      | Reached XP level 4. HP: 41/41 MP: 3/3
  1107 | D:2      | Noticed Robin
  1138 | D:2      | Killed Robin
  1485 | D:2      | Reached skill level 5 in Axes
  1489 | D:2      | Reached XP level 5. HP: 27/47 MP: 4/4
  2087 | D:3      | Reached *** piety under Trog
  2426 | D:3      | Noticed Purgy
  2439 | D:3      | Killed Purgy
  2440 | D:3      | Reached skill level 5 in Fighting
  2440 | D:3      | Reached XP level 6. HP: 42/56 MP: 5/5
  3024 | D:4      | Found a staircase to the Ecumenical Temple.
  3056 | D:4      | Noticed sahdkjhfkaj's ghost (novice DEAK)
  3070 | D:4      | Found a transporter.
  3102 | D:4      | Found a transporter.
  3135 | D:4      | Reached skill level 6 in Axes
  3543 | D:5      | Entered Level 5 of the Dungeon
  3596 | D:5      | Reached skill level 5 in Armour
  3747 | D:5      | Reached XP level 7. HP: 56/61 MP: 6/6
  3999 | D:5      | Found a glowing drain.
  4010 | Sewer    | Entered a sewer
  4041 | Sewer    | Reached **** piety under Trog
  4055 | Sewer    | Reached skill level 7 in Axes
  4219 | Sewer    | Slain by a kobold brigand

Illustrated notes

Levels and vault maps discovered:
D:1:      tarquinn_simple_flora_water_b, layout_loops_cross,
          minmay_misc_feat_doors, minmay_close_crescents
D:2:      layout_basic, uniq_robin
D:3:      layout_loops_ring, uniq_purgy
D:4:      layout_gridville, minmay_temple_entry_crystal_x,
          gammafunk_ghost_stat_death, chequers_serial_rivers_small_b, hex_large
D:5:      layout_rooms, portal_sewer_entry_e
Sewer:    sewer_co_tree

Skill      XL: |  1  2  3  4  5  6  7 |
---------------+----------------------+-----
Axes           | 4 5 6 7 |  7.0
Fighting       | 4 5 |  5.5
Armour         | 3 4 5 |  5.2
Dodging        | 3 |  3.7
Stealth        | |  0.7

Action                   |  1- 3 |  4- 6 |  7- 9 || total
-------------------------+-------+-------+-------++-------
Melee: Hand axe          |    52 |   146 |    68 ||   266
       Headbutt          |    11 |    30 |    10 ||    51
Invok: Berserk           |       |     3 |       ||     3
       Trog's Hand       |       |     1 |     1 ||     2
  Use: Potion            |       |     3 |       ||     3
       Scroll            |       |     7 |     1 ||     8
Armor: Animal skin       |     2 |       |       ||     2
       Ring mail         |     2 |       |       ||     2
       Scale mail        |    15 |    42 |       ||    57
       Skin              |       |     8 |       ||     8
       Troll leather arm |       |    14 |    11 ||    25
Dodge: Dodged            |    33 |    78 |    34 ||   145

Table legend: (Time is in decaauts)
 A = Elapsed time spent in this place.
 B = Non-inter-level travel time spent in this place.
 C = Inter-level travel time spent in this place.
 D = Time resting spent in this place.
 E = Time spent auto-exploring this place.
 F = Levels seen in this place.
 G = Mean time per level.
                   A        B        C        D        E       F      G
               +--------+--------+--------+--------+--------+-----+--------+
         Total |   4307 |   4235 |     72 |      8 |   3546 |   6 |  717.8 |
       Dungeon |   4040 |   3968 |     72 |      8 |   3368 |   5 |  808.0 |
         Sewer |    266 |    266 |      0 |      0 |    178 |   1 |  266.0 |
               +--------+--------+--------+--------+--------+-----+--------+

Top non-repeatable levels by time:
     D:2: 1308 daAuts
     D:3: 851 daAuts
     D:1: 781 daAuts
     D:4: 631 daAuts
     D:5: 467 daAuts
   Sewer: 266 daAuts
